 Dungeon Crawl Stone Soup version 0.19.5 (webtiles) character file.

326 Reinor the Sneak (level 6, 0/41 HPs)
             Began as a Vampire Enchanter on Apr 22, 2017.
             Slain by a bullfrog (6 damage)
             ... in a sewer.
             The game lasted 00:16:42 (3333 turns).

Reinor the Sneak (Vampire Enchanter)                Turns: 3333, Time: 00:16:42

Health: 0/41       AC:  0    Str:  7    XL:     6   Next: 24%
Magic:  3/11       EV: 21    Int: 19    God:
Gold:   88         SH:  0    Dex: 20    Spells: 3 memorised, 5 levels left

rFire  . . .     SeeInvis +     (weapon currently unavailable)
rCold  + . .     Gourm    .     (armour currently unavailable)
rNeg   + + .     Faith    .     (shield currently unavailable)
rPois  +         Spirit   .     (helmet currently unavailable)
rElec  .         Reflect  .     (cloak currently unavailable)
rCorr  .         Harm     .     (gloves currently unavailable)
MR     .....                    (boots currently unavailable)
Stlth  ++++++....               (no amulet)
                                (ring currently unavailable)
                                (ring currently unavailable)

@: bat-form, flying, regenerating slowly, very quick
A: fangs 3, see invisible, (unbreathing)
a: End Transformation


You were in a sewer.
You were thirsty.
You were in vampire-bat-form.
You visited 1 branch of the dungeon, and saw 3 of its levels.
You also visited: Sewer.

You collected 88 gold pieces.

Inventory:

Hand Weapons
 a - a +1 dagger
 b - a +1 dagger of draining (melded)
Missiles
 f - 152 stones (quivered)
Armour
 g - a +2 hat (melded)
 o - a cursed +1 leather armour (melded)
Wands
 s - a wand of lightning (12/15)
Scrolls
 h - 3 scrolls of remove curse
 k - 2 scrolls of recharging
 p - 4 scrolls of teleportation
 t - 2 scrolls of magic mapping
 u - a scroll of blinking {unknown}
Potions
 d - 20 potions of blood
 e - 2 potions of berserk rage
 i - 2 potions of agility
 j - 2 potions of heal wounds {unknown}
 l - a potion of magic {unknown}
 m - a potion of invisibility {unknown}
 n - 3 potions of curing
 q - a potion of degeneration {unknown}
 r - 2 potions of brilliance
Books
 c - a book of Maledictions

   Spells                             Type                      Level
   a - Corona                         Hexes                        1
   b - Ensorcelled Hibernation        Hexes/Ice                    2
   c - Confuse                        Hexes                        3
   d - Tukima's Dance                 Hexes                        3
   e - Dazzling Spray                 Conjuration/Hexes            3


   Skills:
 - Level 0.1 Fighting
 + Level 2.5 Short Blades
 - Level 0.2 Armour
 - Level 2.7 Dodging
 + Level 7.1 Stealth
 + Level 3.3 Spellcasting
 + Level 6.2 Hexes
 - Level 0.4 Ice Magic


You had 5 spell levels left.
You knew the following spells:

 Your Spells              Type           Power        Failure   Level  Hunger
a - Corona                Hex            ####...      1%          1    None
b - Ensorcelled Hibernat  Hex/Ice        ###...       8%          2    ##.....
c - Confuse               Hex            ####....     3%          3    ###....


Dungeon Overview and Level Annotations

Branches:
Dungeon (3/15)

Altars:
Trog


Innate Abilities, Weirdness & Mutations

You heal slowly.
You have razor-sharp teeth.
You have supernaturally acute eyesight. (SInv)
((You can survive without breathing.))


Message History

The bullfrog completely misses you. The adder bites you.
You are more poisoned.
The adder poisons you!
You feel sick. The ball python bites you. The ball python barely misses you.
You feel sick. The bullfrog misses you.
You feel sick.
You reach down and open the door.
The bullfrog closely misses you.
You are feeling thirsty.
You feel sick.
You feel sick.
You feel sick. The bullfrog hits you.
* * * LOW HITPOINT WARNING * * *
The bullfrog closely misses you.
You feel better. The bullfrog hits you.
* * * LOW HITPOINT WARNING * * *
The bullfrog misses you. The bullfrog hits you.
You die...

#. #. ##
###################
###..≈≈≈≈≈≈≈≈≈#≈≈≈≈≈.
##....≈≈≈≈≈≈≈≈≈≈≈≈≈≈≈≈
##.....≈≈≈S≈≈S...÷≈≈≈≈≈
#.....bF≈≈≈≈≈≈..÷≈≈≈≈≈.
#.....≈S≈≈≈≈≈≈..≈≈≈≈≈≈≈
#.....#≈≈≈≈≈≈≈≈.≈≈≈≈≈≈.
#....##################
##...#### #....#..#
#....+..# #...#####
##...##


You could see a bullfrog, 2 adders and a ball python.

Vanquished Creatures
  An ogre (D:3)
  A bullfrog (Sewer)
  Robin (D:2)
  5 adders
  5 river rats (Sewer)
  An ooze (D:1)
  A worm (D:2)
  7 bats
  2 giant cockroaches
  13 goblins
  9 hobgoblins
  8 jackals (D:2)
  5 kobolds
  6 ball pythons
  8 frilled lizards
  27 rats
100 creatures vanquished.

Notes
Turn   | Place    | Note
-------+----------+-------------------------------------------
     0 | D:1      | Reinor the Vampire Enchanter began the quest for the Orb.
     0 | D:1      | Reached XP level 1. HP: 13/13 MP: 3/3
   345 | D:1      | Reached XP level 2. HP: 18/19 MP: 5/5
   349 | D:1      | Learned a level 2 spell: Ensorcelled Hibernation
   378 | D:1      | Reached skill level 5 in Stealth
   809 | D:2      | Found a faded altar of an unknown god.
   851 | D:2      | Reached XP level 3. HP: 2/24 MP: 3/6
   856 | D:2      | Learned a level 3 spell: Confuse
  1709 | D:2      | Noticed Robin
  2216 | D:2      | Killed Robin
  2216 | D:2      | Reached XP level 4. HP: 29/30 MP: 0/7
  2285 | D:2      | Found a bloodstained altar of Trog.
  2491 | D:3      | Reached skill level 6 in Stealth
  2607 | D:3      | Noticed an ogre
  2618 | D:3      | Killed an ogre
  2618 | D:3      | Reached skill level 5 in Hexes
  2618 | D:3      | Reached XP level 5. HP: 35/35 MP: 4/9
  2667 | D:3      | Found a glowing drain.
  2674 | Sewer    | Entered a sewer
  3235 | Sewer    | Reached XP level 6. HP: 36/41 MP: 5/10
  3292 | Sewer    | Reached skill level 7 in Stealth
  3333 | Sewer    | Slain by a bullfrog

Skill      XL: |  1  2  3  4  5  6 |
---------------+-------------------+-----
Stealth        | 5 6 7 |  7.1
Short Blades   | 2 |  2.5
Hexes          | 5 6 |  6.2
Spellcasting   | 3 |  3.3
Fighting       | |  0.1
Armour         | |  0.2
Dodging        | |  2.7
Ice Magic      | |  0.4

Action                   |  1- 3 |  4- 6 || total
-------------------------+-------+-------++-------
Melee: Dagger            |   210 |    99 ||   309
       Bite              |    15 |     2 ||    17
 Cast: Ensorcelled Hiber |     7 |    19 ||    26
       Confuse           |       |     1 ||     1
 Abil: Bat Form          |     1 |     1 ||     2
       End Transformatio |     1 |       ||     1
  Use: Scroll            |     3 |     7 ||    10
       Potion            |     5 |     3 ||     8
 Stab: Sleeping          |    10 |    14 ||    24
       Confused          |       |     1 ||     1
Armor: Robe              |    38 |       ||    38
       Leather armour    |    26 |    47 ||    73
Dodge: Dodged            |   139 |    79 ||   218
